Map: Dusk Towers

Players

LilDicky - Winner!

  • Race: Terran Terran
  • League: Diamond

KuKriN

  • Race: Protoss Protoss
  • League: Diamond

VOD

http://www.twitch.tv/tumescentpie

Description

Time

  • Played on: Dec. 4, 2015, 12:31 p.m.
  • Length: 5:39
Show
View Real Time Build Order
Export as new Build Order

LilDicky Terran - Winner!

Build Orders: MMM Bio 

Get SALT Encoding   

  12  0:02  SCV  
  13  0:14  SCV  
  13  0:19  Supply Depot  
  14  0:26  SCV  
  14  0:28  Refinery  
  15  0:40  SCV  
  16  0:49  Barracks  
  16  0:53  SCV  
  17  1:08  SCV  
  18  1:20  SCV  
  19  1:32  SCV  
  19  1:36  Marine  
  21  1:41  Supply Depot  
  21  1:44  Factory  
  21  1:47  Orbital Command  
  21  1:54  Marine  
  22  2:07  Barracks  
  22  2:10  Barracks  
  22  2:13  SCV  
  23  2:18  Supply Depot  
  23  2:25  SCV  
  23  2:28  Barracks Reactor  
  24  2:32  Refinery  
  24  2:37  SCV  
  24  2:41  Supply Depot  
  25  2:52  SCV  
  25  2:57  Widow Mine  
  28  3:00  Barracks Tech Lab x2  
  28  3:04  SCV  
  28  3:05  Marine  
  28  3:06  Marine  
  30  3:15  Supply Depot  
  30  3:16  SCV  
  30  3:19  Combat Shields, Stimpack  
  31  3:21  Marine  
  31  3:27  Widow Mine  
  34  3:40  Marauder  
  34  3:41  Marauder  
  38  3:42  Marine  
  31  3:56  Marine  
  31  4:00  Marine  
  22  4:08  Marine x2  
  24  4:14  Marine  
  25  4:17  Marine  
  26  4:26  Marine x2  
  26  4:31  SCV, Marine  
  30  4:40  Marine  
  30  4:44  Marine x2  
  30  4:45  SCV  
  34  4:49  Marine  
  34  4:51  Widow Mine  
  37  4:58  Marine  
  38  5:00  SCV  
  37  5:07  Marine x2  
  37  5:10  Marine  
Show
View Real Time Build Order
Export as new Build Order

KuKriN Protoss 

Build Orders: Oracle Opening 

Get SALT Encoding   

  12  0:01  Probe (Chrono Boost)  
  13  0:12  Probe (Chrono Boost)  
  14  0:20  Pylon  
  14  0:22  Probe (Chrono Boost)  
  15  0:38  Probe (Chrono Boost)  
  15  0:42  Gateway  
  16  0:47  Assimilator  
  16  0:51  Probe (Chrono Boost), Assimilator  
  17  1:01  Probe (Chrono Boost)  
  18  1:12  Probe (Chrono Boost)  
  19  1:22  Probe (Chrono Boost)  
  20  1:30  Cybernetics Core  
  20  1:33  Probe (Chrono Boost)  
  21  1:43  Probe (Chrono Boost)  
  22  1:49  Pylon  
  23  2:01  Probe (Chrono Boost)  
  23  2:12  Nexus  
  23  2:14  Stargate  
  23  2:22  Probe (Chrono Boost)  
  24  2:27  Stalker (Chrono Boost)  
  26  2:30  Warp Gate  
  26  2:42  Probe  
  27  2:54  Probe  
  28  3:03  Oracle (Chrono Boost)  
  31  3:12  Pylon  
  31  3:21  Pylon  
  31  3:24  Stalker  
  27  3:42  Robotics Facility  
  27  3:44  Probe (Chrono Boost)  
  27  3:46  Gateway  
  28  3:49  Gateway  
  28  3:56  Oracle (Chrono Boost)  
  27  4:11  Probe (Chrono Boost)  
  28  4:20  Probe (Chrono Boost)  
  28  4:23  Mothership Core (Chrono Boost)  
  32  4:31  Probe (Chrono Boost)  
  32  4:34  Observer  
  30  4:41  Probe (Chrono Boost)  
  30  4:42  Probe (Chrono Boost)  
  32  4:52  Probe (Chrono Boost)  
  33  4:59  Probe (Chrono Boost)  
  34  5:02  Probe (Chrono Boost)  
  35  5:10  Probe (Chrono Boost)  
  35  5:13  Probe (Chrono Boost)  
  37  5:20  Probe (Chrono Boost)  
  38  5:23  Probe (Chrono Boost)  
Tags
 
Add a new tag
Caveats
  • Supply blocks, unpowered buildings, or Contaminate may cause inaccurate times.
  • Supply counts are checked every 10 seconds.